 Dungeon Crawl Stone Soup version 0.27.1-1-g398f81649c (webtiles) character file.

Game seed: 2280201777533751614

1 Descartes the Sneak (level 1, 0/10 HPs)
             Began as a Felid Delver on Sept 6, 2021.
             Slain by an adder (3 damage)
             ... on level 3 of the Dungeon.
             The game lasted 00:01:32 (316 turns).

Descartes the Sneak (Felid Delver)                   Turns: 316, Time: 00:01:33

Health: 0/10       AC:  1    Str:  8    XL:     1   Next: 16%
Magic:  2/2        EV: 17    Int: 11    God:
Gold:   37         SH:  0    Dex: 17    Spells: 0/0 levels left
                                        Lives:  0   Deaths: 0

rFire    . . .     SeeInvis +     - Unarmed
rCold    . . .     Faith    .   (shield unavailable)
rNeg     . . .     Spirit   .   (armour unavailable)
rPois    .         Reflect  .   (helmet unavailable)
rElec    .         Harm     .   (cloak unavailable)
rCorr    .         Rampage  .   (gloves unavailable)
Will     .....                  (boots unavailable)
Stlth    +++.......             (no amulet)
HPRegen  0.03/turn              (no ring)
MPRegen  0.08/turn              (no ring)

@: quick
A: very small, claws 1, fangs 3, see invisible, speed 1, shaggy fur 1, stealthy
paws, no weapons or thrown items, no armour, multi-lived
a: no special abilities


You were on level 3 of the Dungeon.
You visited 1 branch of the dungeon, and saw 3 of its levels.

You collected 37 gold pieces.

Inventory:

Wands
 e - a wand of digging (3)
Scrolls
 a - a scroll of fog
 b - a scroll of magic mapping
 c - a scroll of fear
Potions
 d - a potion of haste
 f - a potion of curing {unknown}


   Skills:
 - Level 3.0 Fighting
 + Level 2.7 Dodging
 + Level 6.6 Stealth
 + Level 2.0 Unarmed Combat


You couldn't memorise any spells.
You didn't know any spells.
Your spell library was empty.

Dungeon Overview and Level Annotations

Branches:
Dungeon (5/15)
 Temple: D:4-7

Altars:


Innate Abilities, Weirdness & Mutations

You have sharp claws.
You have razor-sharp teeth.
You have supernaturally acute eyesight. (SInv)
You cover ground quickly. (Speed+)
You are covered in fur. (AC +1)
Your paws help you pounce on unaware monsters.
You are incapable of wielding weapons or throwing items.
You cannot wear armour.
You gain extra lives every three experience levels.


Message History

Found a stone staircase leading down.
A ball python comes into view.
Found 14 gold pieces.
There is a stone staircase leading down here.
The helpless ball python fails to defend itself.
You mangle the ball python!!
You kill the ball python!
Found 12 gold pieces.
You now have 25 gold pieces (gained 14).
You now have 37 gold pieces (gained 12).
There is a stone staircase leading down here.
An adder comes into view.
The adder hisses angrily.
The adder misses you.
You barely miss the adder. The adder completely misses you.
You barely miss the adder. The adder barely misses you.
The adder closely misses you.
You scratch the adder.
The adder is lightly wounded.
The adder bites you.
You miss the adder.
The adder is lightly wounded.
The adder closely misses you.
You closely miss the adder. You bite the adder.
The adder is moderately wounded.
The adder completely misses you.
You miss the adder.
The adder is moderately wounded.
The adder barely misses you. The adder bites you.
You scratch the adder but do no damage.
The adder is moderately wounded.
The adder closely misses you.
You closely miss the adder. You bite the adder.
The adder is severely wounded.
The adder bites you.
* * * LOW HITPOINT WARNING * * *
You miss the adder.
The adder is severely wounded.
The adder bites you.
You die...

..######...#.# ##..#.#
#..#.# ###### #....#
#....# #....# #....#
##...# #....# #...#
#...S# #...#
####...@###########..>#
......................#
####....###########.#.#
###### #.#.# #.#.#
#.#.# #.#.# #.#.# #.#.#


You could see an adder.

Vanquished Creatures
  A ball python (D:3)
1 creature vanquished.

Notes
Turn   | Place    | Note
-------+----------+-------------------------------------------
     0 | D:5      | Descartes the Felid Delver began the quest for the Orb.
     0 | D:5      | Reached XP level 1. HP: 10/10 MP: 2/2
   115 | D:5      | Noticed an ice beast
   179 | D:4      | Noticed a scorpion
   316 | D:3      | Slain by an adder

Illustrated notes

Levels and vault maps discovered:
D:3:      layout_basic
D:4:      wad_pebble_path, layout_rooms, fedhas_altar_decomposition,
          serial_shops, nicolae_shop_behind_doors, serial_co_window_serial,
          co_window_paths_a, co_window_paths_b, co_window_paths_a,
          co_window_paths_b, co_window_cross_1, co_window_corner_ca,
          co_window_corner_cb, co_window_corner_b, co_window_broadway_b,
          co_window_cross_3, co_window_cross_2, co_window_4corner_b,
          glass_columns_b, glass_columns_a, glass_columns_a, uniq_blork_the_orc,
          uniq_menkaure, uniq_pikel
D:5:      layout_loops_ring, gup_sewer_entry_glass, minivault_25, st_stairs_5,
          uniq_ijyb

Action                   || total
-------------------------++-------
Melee: Unarmed           ||    10
       Bite              ||     2
 Stab: Sleeping          ||     1
Dodge: Dodged            ||     8
